 Dungeon Crawl Stone Soup version 0.29-a0-284-gf9362112df (webtiles) character file.

Game seed: 5723889705608134855

69198 siradein the Marksgargoyle (level 15, -13/96 HPs)
             Began as a Gargoyle Hunter on Mar 16, 2022.
             Was the Champion of Okawaru.
             Mangled by Snorg (14 damage)
             ... on level 2 of the Orcish Mines on Mar 17, 2022.
             The game lasted 01:14:52 (20759 turns).

siradein the Marksgargoyle (Gargoyle Hunter)       Turns: 20759, Time: 01:14:54

Health: -13/96     AC: 32    Str: 15    XL:     15   Next: 29%
Magic:  22/22      EV: 22    Int: 21    God:    Okawaru [******]
Gold:   1767       SH:  5    Dex: 20    Spells: 14/14 levels left

rFire   . . .      SeeInvis +   d - +3 great mace "Dongik" {vorpal, rC++ Will- Dex+3 Stlth+}
rCold   + + .      Faith    .   (shield currently unavailable)
rNeg    + + +      Spirit   .   L - +0 troll leather armour
rPois   ∞          Reflect  +   y - +2 hat {SInv}
rElec   +          Harm     .   x - +1 cloak {rPois}
rCorr   .          Rampage  +   U - +2 pair of gloves of Holuifeh {Rampage}
Will    .....      Rage     1%  e - +2 pair of boots
Stlth   +++.......              p - amulet of reflection
HPRegen 1.06/turn               J - ring "Dulugell" {EV+4 Int+4}
MPRegen 0.18/turn               w - ring "Riwedum" {Fly rN++ AC+4 Dex+4}

@: flying
A: sickness immunity, AC +11, big wings, negative energy resistance 1,
electricity resistance, torment resistance 1, petrification resistance, berserk
1
a: Renounce Religion, Heroism, Finesse, Duel


You were on level 2 of the Orcish Mines.
You worshipped Okawaru.
Okawaru was exalted by your worship.
You visited 4 branches of the dungeon, and saw 21 of its levels.

You collected 1767 gold pieces.

Inventory:

Hand Weapons
 a - a +1 shortbow
 b - the +8 whip of the Rescuing Tiger {spect, rN++}
   (You took it off a goblin on level 3 of the Dungeon)

   When its wielder attacks, the weapon's spirit leaps out and strikes again.
   The spirit shares a part of any damage it takes with its wielder.
   rN:        It greatly protects you from negative energy.
 c - the +11 whip of Isifur {flame, rElec rF+ rC+ Int-4}
   (You found it on level 3 of the Dungeon)

   It burns those it strikes, dealing additional fire damage.
   Int:       It affects your intelligence (-4).
   rF:        It protects you from fire.
   rC:        It protects you from cold.
   rElec:     It insulates you from electricity.
 d - the +3 great mace "Dongik" (weapon) {vorpal, rC++ Will- Dex+3 Stlth+}
   (Okawaru gifted it to you on level 12 of the Dungeon)

   It inflicts extra damage upon your enemies.
   Dex:       It affects your dexterity (+3).
   rC:        It greatly protects you from cold.
   Will:      It decreases your willpower.
   Stlth:     It makes you more stealthy.
Missiles
 T - 6 curare-tipped darts
 W - 11 datura-tipped darts
Armour
 e - a +2 pair of boots (worn)
 x - a +1 cloak of poison resistance (worn)
 y - a +2 hat of see invisible (worn)
 L - a +0 troll leather armour (worn)
 M - +0 ice dragon scales
 U - the +2 pair of gloves of Holuifeh (worn) {Rampage}
   (Okawaru gifted it to you on level 5 of the Lair of Beasts)

   Rampage:   It bestows one free step when moving towards enemies.
Jewellery
 p - an amulet of reflection (around neck)
 v - an amulet of faith
 w - the ring "Riwedum" (right hand) {Fly rN++ AC+4 Dex+4}
   (You found it on level 5 of the Dungeon)

   [ring of protection]

   AC:        It affects your AC (+4).
   Dex:       It affects your dexterity (+4).
   rN:        It greatly protects you from negative energy.
   Fly:       It grants you flight.
 J - the ring "Dulugell" (left hand) {EV+4 Int+4}
   (You found it on level 9 of the Dungeon)

   [ring of evasion]

   EV:        It affects your evasion (+4).
   Int:       It affects your intelligence (+4).
 S - an amulet of guardian spirit
 Z - a +6 ring of intelligence
Wands
 h - a wand of paralysis (3)
 j - a wand of flame (9)
 z - a wand of iceblast (9)
 E - a wand of acid (7)
 P - a wand of polymorph (9)
 V - a wand of digging (6)
Scrolls
 g - 4 scrolls of teleportation
 l - 2 scrolls of vulnerability
 m - 2 scrolls of immolation
 n - a scroll of enchant armour
 r - a scroll of fog
 A - 2 scrolls of amnesia
 F - 3 scrolls of silence
 G - 2 scrolls of blinking
 H - a scroll of holy word
 N - 2 scrolls of fear
 O - 3 scrolls of enchant weapon
 Q - 3 scrolls of magic mapping
 X - a scroll of acquirement {unknown}
Potions
 f - 7 potions of heal wounds
 i - 2 potions of berserk rage
 o - 2 potions of invisibility {unknown}
 q - 2 potions of might {unknown}
 s - a potion of cancellation {unknown}
 t - 4 potions of lignification {unknown}
 u - a potion of haste {unknown}
 B - a potion of attraction {unknown}
 D - 5 potions of curing
 I - a potion of flight {unknown}
 K - a potion of resistance {unknown}
 R - a potion of brilliance {unknown}
 Y - 3 potions of magic {unknown}


   Skills:
 + Level 11.8 Fighting
 + Level 10.3 Maces & Flails
 * Level 15.2 Bows
 + Level 11.5 Armour
 + Level 9.1 Dodging
 - Level 2.0 Stealth
 + Level 9.4 Invocations


You had 14 spell levels left.
You didn't know any spells.
Your spell library contained the following spells:

 Spells                   Type           Power      Damage    Failure   Level
 Beastly Appendage        Tmut           0%         N/A       21%         1
 Slow                     Hex            0%         N/A       21%         1
 Static Discharge         Conj/Air       0%         N/A       30%         2
 Wereblood                Tmut           0%         N/A       30%         2
 Confusing Touch          Hex            0%         N/A       52%         3
 Spider Form              Tmut/Pois      0%         N/A       52%         3
 Vampiric Draining        Necr           0%         2d6       52%         3
 Dispel Undead            Necr           0%         3d6       90%         4
 Leda's Liquefaction      Hex/Erth       0%         N/A       90%         4
 Sticky Flame             Conj/Fire      0%         2d3       90%         4
 Blade Hands              Tmut           0%         N/A       99%         5
 Irradiate                Conj/Tmut      0%         3d13      99%         5
 Lee's Rapid Deconstruct  Erth           0%         3d5*      99%         5
 Dragon Form              Tmut           0%         N/A       100%        7
 Statue Form              Tmut/Erth      Unusable   N/A       N/A         6

Dungeon Overview and Level Annotations

Branches:
Dungeon (12/15)            Temple (1/1) D:7            Lair (6/6) D:10
 Shoals (0/4) Lair:3       Spider (0/4) Lair:4        Slime (0/5) Lair:6
    Orc (2/2) D:11
    Elf: Orc:2

Altars:
Ashenzari
Elyvilon
Gozag
Nemelex Xobeh
Okawaru
Qazlal
Uskayaw
Wu Jian
Zin

Shops:
D:2 [   D:8 =

Annotations:
Orc:2 Snorg


Innate Abilities, Weirdness & Mutations

You are immune to sickness and miasma.
Your stone body is resilient. (AC +11)
You are immune to poison.
Your large and strong wings let you fly.
You resist negative energy. (rN+)
You are resistant to electric shocks. (rElec)
You are resistant to unholy torment.
You are immune to petrification.
You tend to lose your temper in combat.


Message History

The orc sorcerer gestures wildly while chanting.
The neqoxec completely misses you.
Unknown command.
Unknown command.
You sock Snorg!
Snorg is severely wounded.
The two-headed ogre barely misses you. x2; Snorg bites you!
Snorg barely misses you. Snorg claws you but does no damage.
You block Snorg's attack. Snorg closely misses you. Snorg barely misses you.
The orc sorcerer casts a spell at you. The bolt of negative energy misses you.
You block the neqoxec's attack.
The two-headed ogre hits you but does no damage.
The two-headed ogre barely misses you.
Unknown command.
Unknown command.
You sock Snorg!
Snorg is severely wounded.
You hear the loud beating of a very distant drum.
You block Snorg's attack. Snorg claws you!
* * * LOW HITPOINT WARNING * * *
Snorg misses you. The orc sorcerer barely misses you.
You block the neqoxec's attack. The two-headed ogre closely misses you.
The two-headed ogre hits you with a +0 giant spiked club!
* * * LOW HITPOINT WARNING * * *
You block the neqoxec's attack. Snorg misses you. Snorg closely misses you.
Snorg claws you but does no damage.
Unknown command.
Unknown command.
You bludgeon Snorg!!
Snorg is almost dead.
Snorg misses you. Snorg closely misses you. Snorg completely misses you.
The two-headed ogre completely misses you.
The two-headed ogre barely misses you. The neqoxec hits you.
* * * LOW HITPOINT WARNING * * *
The orc sorcerer hits you but does no damage.
The neqoxec gestures at you.
Strange energies course through your body.
You feel a little pissed off. Snorg bites you but does no damage.
Snorg claws you!
You die...

$...#...#
........#
...$....#
##$#....O.#O
##.##)OO..... #
##4OOO.O.O....
##.##O#O##.O....#O
#...3oO##O)O##..#
##.#.@T##.<.....#
##.3.##......#
..$..##.....#
.......#.....#
.#.##...##....#
#### .........#
$.........#
.......#...


You could see Snorg (berserk), 4 two-headed ogres, a hellwing (summoned), 2
neqoxecs, an orc sorcerer and 2 ogres.

Vanquished Creatures
  Gastronok (D:8)
  The ghost of avis the Brawler, a journeyman HOTm of Beogh (D:11)
  7 hydras
  A catoblepas (Lair:6)
  A boulder beetle (D:12)
  14 two-headed ogres
  An anaconda (Lair:6)
  3 death yaks
  An orc high priest (Orc:1)
  Nergalle (D:10)
  A fire crab (Lair:4)
  Lodul (D:11)
  4 lindwurms
  An orc sorcerer (Orc:2)
  2 ugly things (D:12)
  A manticore (Lair:6)
  Maurice (D:10)
  6 black mambas
  11 elephants
  A torpor snail (Lair:6)
  15 cane toads
  An unseen horror (D:11)
  3 rime drakes
  14 komodo dragons
  2 trolls
  5 hornets (Lair:6)
  5 slime creatures (D:12)
  5 polar bears (Lair:6)
  13 blink frogs
  14 spriggans
  Sigmund (D:4)
  A water elemental (D:12)
  A vampire (D:11)
  A shadow (D:12)
  2 culicivoras (Lair:4)
  3 wraiths
  Eustachio (D:5)
  7 wyverns
  11 basilisks
  65 yaks
  2 steam dragons
  12 water moccasins
  3 acid dragons
  4 sky beasts
  5 black bears
  An orc warrior (Orc:1)
  4 boggarts (Lair:6)
  21 wolves
  4 centaurs
  6 ogres
  A kobold brigand (D:9)
  Blork the orc (D:4)
  2 necrophages
  A gnoll sergeant (D:5)
  23 bullfrogs
  2 scorpions (D:5)
  16 wights
  6 electric eels
  A howler monkey (D:8)
  2 hounds
  Crazy Yiuf (D:4)
  6 orc priests
  4 iguanas
  15 orc wizards
  9 hell rats
  4 adders
  4 gnolls (D:5)
  2 shadow imps
  3 white imps
  An ufetubus (D:7)
  2 worms
  A dart slug (D:4)
  46 orcs
  8 endoplasms
  2 giant cockroaches
  4 goblins
  6 hobgoblins
  4 jackals (D:1)
  6 kobolds
  2 quokkas
  4 ball pythons
  4 bats
  4 frilled lizards
  2 rats (D:1)
491 creatures vanquished.

Vanquished Creatures (others)
  A sky beast (D:7)
  36 fungi
  51 plants
88 creatures vanquished.

Grand Total: 579 creatures vanquished

Notes
Turn   | Place    | Note
-------+----------+-------------------------------------------
     0 | D:1      | siradein the Gargoyle Hunter began the quest for the Orb.
     0 | D:1      | Reached XP level 1. HP: 12/12 MP: 1/1
   100 | D:1      | Reached XP level 2. HP: 4/18 MP: 2/2
   569 | D:1      | Found a faded altar of an unknown god.
   633 | D:1      | Reached XP level 3. HP: 22/22 MP: 3/3
   974 | D:2      | Reached skill level 1 in Armour
  1232 | D:2      | Found Omoly Vuwn's Antique Armour Boutique.
  1396 | D:3      | Identified the +11 whip of Isifur {flame, rElec rF+ rC+
                  | Int-4}
  1497 | D:3      | Reached XP level 4. HP: 10/27 MP: 4/4
  1981 | D:3      | Identified the +8 whip of the Rescuing Tiger {spect, rN++}
  2175 | D:4      | Noticed Sigmund
  2200 | D:4      | Killed Sigmund
  2201 | D:4      | Reached skill level 5 in Bows
  2201 | D:4      | Reached XP level 5. HP: 10/32 MP: 5/5
  2201 | D:4      | Reached XP level 6. HP: 12/37 MP: 6/6
  2555 | D:4      | Noticed Blork the orc
  2566 | D:4      | Killed Blork the orc
  2955 | D:3      | Reached skill level 1 in Maces & Flails
  3051 | D:3      | Reached XP level 7. HP: 25/42 MP: 7/7
  3191 | D:4      | Reached skill level 6 in Bows
  3346 | D:4      | Found a runed translucent door.
  3347 | D:4      | Noticed Crazy Yiuf
  3390 | D:5      | Entered Level 5 of the Dungeon
  3860 | D:5      | Noticed Eustachio
  3872 | D:5      | Killed Eustachio
  3873 | D:5      | Reached XP level 8. HP: 28/48 MP: 8/8
  4129 | D:5      | Identified the ring "Riwedum" {Fly rN++ AC+4 Dex+4}
  4617 | D:6      | Reached skill level 7 in Bows
  4737 | D:6      | Reached skill level 5 in Fighting
  5133 | D:6      | Reached XP level 9. HP: 47/54 MP: 9/9
  5145 | D:6      | Reached skill level 5 in Armour
  5147 | D:6      | Reached skill level 8 in Bows
  5827 | D:7      | Found a staircase to the Ecumenical Temple.
  5856 | Temple   | Entered the Ecumenical Temple
  5890 | Temple   | Became a worshipper of Warmaster Okawaru
  6056 | D:7      | Identified the +6 falchion "Afrupn" {drain, Str+4}
  6797 | D:8      | Found Mopuima's Jewellery Shoppe.
  6853 | D:8      | Noticed Gastronok
  6933 | D:8      | Killed Gastronok
  6933 | D:8      | Reached * piety under Okawaru
  6934 | D:8      | Reached skill level 5 in Maces & Flails
  6934 | D:8      | Reached skill level 9 in Bows
  6934 | D:8      | Reached skill level 5 in Dodging
  6934 | D:8      | Reached XP level 10. HP: 25/61 MP: 10/10
  7471 | D:8      | Reached ** piety under Okawaru
  7482 | D:8      | Reached skill level 1 in Invocations
  7739 | D:9      | Found a white marble altar of Elyvilon.
  7741 | D:9      | Found an opulent altar of Gozag.
  8100 | D:9      | Identified the ring "Dulugell" {EV+4 Int+4}
  8239 | D:9      | You are sucked into a shaft and drop 3 floors!
  8239 | D:12     | Noticed a death knight
  8239 | D:12     | Noticed a cyclops
  8241 | D:12     | Noticed a wolf spider
  8247 | D:12     | Noticed a two-headed ogre
  8278 | D:12     | Noticed a green ugly thing
  8312 | D:12     | Noticed a boulder beetle
  8328 | D:12     | Noticed a two-headed ogre
  8329 | D:12     | Noticed a two-headed ogre
  8337 | D:12     | HP: 3/63 [slime creature (14)]
  8340 | D:12     | HP: 1/63 [slime creature (3)]
  8665 | D:11     | Noticed Lodul
  8665 | D:11     | Noticed a two-headed ogre
  8665 | D:11     | Noticed a two-headed ogre
  8666 | D:11     | Noticed a two-headed ogre
  8666 | D:11     | Noticed a two-headed ogre
  8667 | D:10     | Entered Level 10 of the Dungeon
  8677 | D:10     | Reached skill level 10 in Bows
  8809 | D:9      | Found a broken altar of Ashenzari.
  8967 | D:10     | Noticed a two-headed ogre
  9293 | D:10     | Found a staircase to the Lair.
  9319 | D:10     | Reached *** piety under Okawaru
  9451 | D:10     | Reached XP level 11. HP: 67/67 MP: 11/13
  9678 | D:10     | Killed a two-headed ogre
  9678 | D:10     | Received a gift from Okawaru
  9945 | D:10     | Reached **** piety under Okawaru
 10312 | D:11     | Noticed avis's ghost (journeyman HOTm)
 10319 | D:11     | Noticed a two-headed ogre
 10321 | D:11     | Noticed a two-headed ogre
 10323 | D:11     | Noticed Nergalle
 10323 | D:11     | Noticed Maurice
 10324 | D:11     | Noticed a two-headed ogre
 10331 | D:11     | Noticed a six-headed hydra
 10504 | Lair:1   | Entered Level 1 of the Lair of Beasts
 10537 | Lair:1   | Reached ***** piety under Okawaru
 10537 | Lair:1   | Received a gift from Okawaru
 10668 | Lair:1   | Reached skill level 11 in Bows
 10687 | Lair:1   | Received a gift from Okawaru
 10821 | Lair:1   | Noticed an eight-headed hydra
 10834 | Lair:1   | Killed an eight-headed hydra
 11465 | Lair:2   | Noticed a death yak
 11820 | Lair:2   | Killed a death yak
 11821 | Lair:2   | Reached XP level 12. HP: 45/75 MP: 15/15
 11869 | Lair:2   | Reached skill level 5 in Invocations
 11871 | Lair:2   | Received a gift from Okawaru
 12047 | Lair:2   | Identified the +8 crystal plate armour "Qoeczuto" {rF+
                  | Will+} (Okawaru gifted it to you on level 2 of the Lair of
                  | Beasts)
 12047 | Lair:2   | Received a gift from Okawaru
 12182 | Lair:2   | Noticed a four-headed hydra
 12202 | Lair:2   | Killed a four-headed hydra
 12555 | Lair:2   | Reached skill level 12 in Bows
 13252 | Lair:3   | Found a hide-covered altar of Uskayaw.
 13539 | Lair:3   | Noticed a six-headed hydra
 13550 | Lair:3   | Killed a six-headed hydra
 13887 | Lair:3   | Found a staircase to the Shoals.
 14212 | Lair:4   | Received a gift from Okawaru
 14219 | Lair:4   | Reached XP level 13. HP: 52/80 MP: 17/17
 14614 | Lair:4   | Reached ****** piety under Okawaru
 14656 | Lair:4   | Reached skill level 13 in Bows
 14961 | Lair:4   | Reached skill level 10 in Fighting
 15722 | Lair:4   | Found a hole to the Spider Nest.
 16243 | Lair:5   | Identified the +2 pair of gloves of Holuifeh {Rampage}
                  | (Okawaru gifted it to you on level 5 of the Lair of Beasts)
 16243 | Lair:5   | Received a gift from Okawaru
 16325 | Lair:5   | Reached skill level 10 in Armour
 16874 | Lair:6   | Entered Level 6 of the Lair of Beasts
 17090 | Lair:5   | Gained mutation: Your large and strong wings let you fly.
                  | [Gargoyle growth]
 17090 | Lair:5   | Reached XP level 14. HP: 88/88 MP: 19/19
 17280 | Lair:5   | Reached skill level 14 in Bows
 17520 | Lair:6   | Received a gift from Okawaru
 17622 | Lair:6   | Received a gift from Okawaru
 17687 | Lair:6   | Found a staircase to the Slime Pits.
 17856 | Lair:6   | Identified the +0 hat "Ire Guko" {rPois rCorr Dex+2}
                  | (Okawaru gifted it to you on level 6 of the Lair of Beasts)
 17856 | Lair:6   | Received a gift from Okawaru
 18939 | D:10     | Killed Maurice
 18940 | D:10     | Reached skill level 10 in Maces & Flails
 19127 | D:11     | Killed Lodul
 19187 | D:10     | Killed Nergalle
 19383 | D:4      | Killed Crazy Yiuf
 19551 | D:11     | Found a runed translucent door.
 19573 | D:11     | Found a staircase to the Orcish Mines.
 19832 | D:11     | Killed avis's ghost
 19833 | D:11     | Reached XP level 15. HP: 95/95 MP: 21/21
 19890 | D:12     | Reached skill level 15 in Bows
 19936 | D:12     | Identified the +3 great mace "Dongik" {vorpal, rC++ Will-
                  | Dex+3 Stlth+} (Okawaru gifted it to you on level 12 of the
                  | Dungeon)
 19936 | D:12     | Received a gift from Okawaru
 20568 | Orc:1    | Entered Level 1 of the Orcish Mines
 20713 | Orc:2    | Entered Level 2 of the Orcish Mines
 20722 | Orc:2    | Paralysed by an orc sorcerer for 7 turns
 20743 | Orc:2    | Noticed Snorg
 20759 | Orc:2    | HP: 1/96 [neqoxec[an orc sorcerer] (5)]
 20759 | Orc:2    | Gained mutation: You tend to lose your temper in combat. [a
                  | neqoxec]
 20759 | Orc:2    | Mangled by Snorg

Illustrated notes

Levels and vault maps discovered:
D:1:      shiori_arrival_elements, layout_basic,
          shapermc_ecumenical_altar_hornbeckon, kennysheep_minor_cross
D:2:      layout_loops_ring, serial_shops, shop_fountains,
          hangedman_decor_growths
D:3:      layout_basic, nrook_mini_vaults
D:4:      layout_rooms, small_statue_intersection, uniq_sigmund,
          uniq_crazy_yiuf_cottage, uniq_blork_the_orc
D:5:      layout_basic, uniq_eustachio
D:6:      layout_rooms
D:7:      layout_basic, minmay_temple_entry_purple_smoke, lightli_orcish_oven
D:8:      layout_gridville, serial_shops, nicolae_shop_crystal, uniq_gastronok
D:9:      layout_basic, ashenzari_altar_1, grunt_temple_overflow_open,
          nicolae_concentric_dashed_squares_mild
D:10:     layout_irregular_city, david_lair_shrubbed,
          wad_floor_pattern_untrapped
D:11:     layout_cave_pools, orc_0_dummy, hellmonk_ghost_happy_afterlife,
          uniq_maurice, uniq_nergalle, uniq_lodul
D:12:     hangedman_arrow_trap, layout_basic
Temple:   mainiacjoe_temple_bowtie_tessellation
Lair:1:   layout_long_grid, serial_bayou_crossing
Lair:2:   nzn_winding_woodlands_medium [nzn_winding_woodlands_5x5_three,
          nzn_winding_woodlands_5x15_default, nzn_winding_woodlands_hourglass,
          nzn_winding_woodlands_5x5_open_star,
          nzn_winding_woodlands_center_triple_pond,
          nzn_winding_woodlands_5x5_default,
          nzn_winding_woodlands_5x5_perimeter,
          nzn_winding_woodlands_5x15_jagged,
          nzn_winding_woodlands_5x5_checkerboard], layout_cave_pods,
          beast_lair_carwin_2
Lair:3:   layout_chaotic_city, elwin_shoals_entry_rocks, lemuel_altar_in_water2,
          serial_bayou_shore_a
Lair:4:   layout_regular_city, hellmonk_spider_entry_life_and_decay,
          grunt_megastairs_2, lemuel_fruit_tree
Lair:5:   layout_loops_ring, chequers_serial_rivers_room_b,
          nicolae_lair_lindhole
Lair:6:   minmay_lair_end_enchanted_forest, layout_regular_city, slime_dummy,
          st_stairs_11, grunt_megastairs_1, infiniplex_staircase_pool, uniq_urug
Orc:1:    layout_caves
Orc:2:    st_orc_ogre_mass, layout_caves, serial_shops, nicolae_shop_waterfront,
          gauntlet_entry_generic, uniq_snorg

Skill      XL: |  1  2  3  4  5  6  7  8  9 10 11 12 13 14 15 |
---------------+----------------------------------------------+-----
Armour         | 1 2 3 4 6 7 8 9 10 11 | 11.5
Dodging        | 2 3 4 5 6 7 8 9 |  9.1
Stealth        | 2 |  2.0
Fighting       | 3 4 5 6 7 8 9 10 11 | 11.8
Bows           | 5 6 7 9 10 11 12 13 14 15 | 15.2
Maces & Flails | 1 2 3 5 6 7 8 9 10 | 10.3
Invocations    | 2 4 6 7 9 |  9.4

Action                   |  1- 3 |  4- 6 |  7- 9 | 10-12 | 13-15 || total
-------------------------+-------+-------+-------+-------+-------++-------
Melee: Whip              |     5 |    35 |   143 |   362 |   767 ||  1312
       Punch             |       |       |     1 |     8 |    18 ||    27
       Great mace        |       |       |       |       |    72 ||    72
 Fire: Shortbow          |    86 |    62 |   193 |   427 |   424 ||  1192
Invok: Heroism           |       |       |       |       |     3 ||     3
       Finesse           |       |       |       |       |     1 ||     1
  Use: Scroll            |       |       |     6 |     9 |     8 ||    23
       Potion            |       |       |       |       |     3 ||     3
 Stab: Distracted        |       |       |       |     4 |    17 ||    21
Armor: Leather armour    |    15 |    17 |    55 |     8 |       ||    95
       Steam dragon scal |       |       |       |    13 |       ||    13
       Troll leather arm |       |       |       |    73 |   241 ||   314
       Ice dragon scales |       |       |       |    57 |    61 ||   118
       Skin              |       |       |       |       |    25 ||    25
Dodge: Dodged            |    27 |    27 |   109 |   340 |   704 ||  1207
Block: Other             |       |     5 |    40 |   106 |   188 ||   339
       Reflection        |       |     1 |       |     5 |     2 ||     8

Table legend: (Time is in decaauts)
 A = Elapsed time spent in this place.
 B = Non-inter-level travel time spent in this place.
 C = Inter-level travel time spent in this place.
 D = Time resting spent in this place.
 E = Time spent auto-exploring this place.
 F = Levels seen in this place.
 G = Mean time per level.
                   A        B        C        D        E       F      G
               +--------+--------+--------+--------+--------+-----+--------+
         Total |  20316 |  19323 |    993 |   1931 |  12991 |  21 |  967.4 |
       Dungeon |  12211 |  11443 |    768 |   1317 |   7696 |  12 | 1017.6 |
        Temple |     59 |     59 |      0 |      0 |     25 |   1 |   59.0 |
          Lair |   7853 |   7640 |    213 |    614 |   5172 |   6 | 1308.8 |
  Orcish Mines |    190 |    178 |     12 |      0 |     98 |   2 |   95.0 |
               +--------+--------+--------+--------+--------+-----+--------+

Top non-repeatable levels by time:
  Lair:4: 2009 daAuts
    D:10: 1675 daAuts
  Lair:2: 1519 daAuts
  Lair:6: 1483 daAuts
     D:3: 1413 daAuts
     D:7: 1362 daAuts
     D:5: 1351 daAuts
  Lair:3: 1234 daAuts
    D:12: 1065 daAuts
     D:8: 1018 daAuts
     D:9: 905 daAuts
  Lair:1: 832 daAuts
     D:1: 823 daAuts
  Lair:5: 774 daAuts
     D:4: 733 daAuts
